 Dungeon Crawl Stone Soup version 0.26-a0-651-gb41185065b (webtiles) character file.

Game seed: 7478943473606729814

875 Flugslaktarn the Chopper (level 7, 0/67 HPs)
             Began as a Deep Dwarf Fighter on Oct 6, 2020.
             Slain by a two-headed ogre
             ... wielding a cursed -2 giant club
              (10 damage)
             ... on level 5 of the Dungeon.
             The game lasted 00:01:12 (1878 turns).

Flugslaktarn the Chopper (Deep Dwarf Fighter)       Turns: 1878, Time: 00:01:13

Health: 0/67       AC: 12    Str: 22    XL:     7   Next: 74%
Magic:  3/3        EV:  4    Int:  8    God:
Gold:   255        SH: 10    Dex: 12    Spells: 6/6 levels left

rFire    . . .     SeeInvis .   a - +0 war axe
rCold    . . .     Faith    .   c - +0 kite shield
rNeg     . . .     Spirit   .   h - +0 plate armour
rPois    .         Reflect  .   (no helmet)
rElec    .         Harm     .   (no cloak)
rCorr    .         Rampage  .   (no gloves)
MR       +....                  (no boots)
Stlth    ..........             (no amulet)
HPRegen  0.00/turn              (no ring)
MPRegen  0.08/turn              (no ring)

@: mighty, non-regenerating
A: damage resistance, heal wounds, sense surroundings 1, no regeneration
a: Heal Wounds


You were on level 5 of the Dungeon.
You visited 1 branch of the dungeon, and saw 5 of its levels.

You collected 255 gold pieces.

Inventory:

Hand Weapons
 a - a +0 war axe (weapon)
Armour
 b - a +0 scale mail
 c - a +0 kite shield (worn)
 h - a +0 plate armour (worn)
   (You found it on level 4 of the Dungeon)
Scrolls
 e - 2 scrolls of remove curse {unknown}
 i - 2 scrolls of teleportation {unknown}
 j - 2 scrolls of noise {unknown}
 k - 4 scrolls of identify {unknown}
 l - 2 scrolls of magic mapping {unknown}
Potions
 d - a potion of might
 f - 2 potions of lignification {unknown}
 g - a potion of magic {unknown}
 m - a potion of brilliance {unknown}
 n - a potion of curing {unknown}


   Skills:
 * Level 5.4 Fighting
 * Level 5.9 Axes
 + Level 5.1 Armour
 + Level 5.0 Shields


You had 6 spell levels left.
You didn't know any spells.
Your spell library was empty.

Dungeon Overview and Level Annotations

Branches:
Dungeon (5/15)             Temple (0/1) D:5

Altars:
Yredelemnul

Annotations:
D:5 3 runed translucent doors, imnewhereh's ghost, amateur MiFi


Innate Abilities, Weirdness & Mutations

You are resistant to damage.
You can heal yourself by infusing magical energy.
You passively map a small area around you.
You do not regenerate.


Message History

The two-headed ogre hits you with a cursed -2 giant club!!
The two-headed ogre hits you but does no damage.
You slash the two-headed ogre!
The two-headed ogre is heavily wounded.
The two-headed ogre hits you with a cursed -2 giant club!
* * * LOW HITPOINT WARNING * * *
You block the two-headed ogre's attack.
Your magical essence is drained by the effort!
You feel much better. You block the two-headed ogre's attack.
The two-headed ogre barely misses you.
You closely miss the two-headed ogre.
The two-headed ogre is heavily wounded.
The two-headed ogre hits you with a cursed -2 giant club.
The two-headed ogre hits you with a +0 giant club!
You slash the two-headed ogre!
The two-headed ogre is severely wounded.
The two-headed ogre hits you with a cursed -2 giant club!!
* * * LOW HITPOINT WARNING * * *
The two-headed ogre hits you with a +0 giant club!
You die...

#.......'.........+........
##....###.........####.....
##.#.# ##.......## #..##.
###.# ##.....## #.###. * *
#.# ##...## #..... *, *#.#
##'## #####. ,..# #.#
#######.
*#########.#####........ *
, #...@O........#######
#.####...###### # * ,
#.....# # * , ##...## #
##.## # #.# # #.# # ** #.#
# #


You could see a two-headed ogre.

Vanquished Creatures
  A sky beast (D:5)
  2 centaurs (D:5)
  3 scorpions
  An orc priest (D:4)
  2 hounds (D:5)
  5 orc wizards
  An iguana (D:4)
  4 worker ants
  A killer bee zombie (D:5)
  A gnoll (D:5)
  5 adders
  A howler monkey skeleton (D:5)
  A shadow imp (D:5)
  An ufetubus (D:5)
  An ooze (D:4)
  2 dart slugs
  13 orcs
  A bat (D:1)
  5 giant cockroaches
  2 goblins
  A hobgoblin (D:1)
  A quokka (D:4)
  A jackal skeleton (D:4)
  3 kobolds
  A quokka skeleton (D:5)
  A rat (D:1)
61 creatures vanquished.

Notes
Turn   | Place    | Note
-------+----------+-------------------------------------------
     0 | D:1      | Flugslaktarn the Deep Dwarf Fighter began the quest for the
                  | Orb.
     0 | D:1      | Reached XP level 1. HP: 20/20 MP: 1/1
   153 | D:2      | Reached XP level 2. HP: 15/28 MP: 2/2
   249 | D:2      | Reached XP level 3. HP: 27/34 MP: 3/3
   333 | D:4      | Noticed a scorpion
   337 | D:4      | Killed a scorpion
   337 | D:4      | Reached XP level 4. HP: 33/42 MP: 4/4
   452 | D:4      | Reached XP level 5. HP: 50/50 MP: 5/5
   480 | D:5      | Entered Level 5 of the Dungeon
   969 | D:4      | Reached XP level 6. HP: 50/57 MP: 6/6
  1295 | D:5      | Noticed imnewhereh's ghost (amateur MiFi)
  1335 | D:5      | Reached skill level 5 in Axes
  1429 | D:5      | Found a basalt altar of Yredelemnul.
  1473 | D:5      | Reached XP level 7. HP: 48/66 MP: 6/6
  1497 | D:5      | Found a runed translucent gate.
  1497 | D:5      | Found a runed translucent gate.
  1497 | D:5      | Found a runed translucent gate.
  1685 | D:5      | Reached skill level 5 in Fighting
  1774 | D:5      | Reached skill level 5 in Armour
  1819 | D:5      | Reached skill level 5 in Shields
  1854 | D:5      | Noticed a two-headed ogre
  1878 | D:5      | Slain by a two-headed ogre

Illustrated notes

Levels and vault maps discovered:
D:1:      dpeg_arrival_leaves_temple_mockup, layout_loops_ring,
          minmay_crystal_water
D:2:      layout_basic
D:3:      cheibrodos_thug_alley, layout_basic, guppyfry_early_orc_mine
D:4:      layout_loops_corners
D:5:      layout_loops_corners, kennysheep_mini, minmay_temple_entry_junction,
          gammafunk_ghost_icy, cheibrodos_gnoll_hut

Skill      XL: |  1  2  3  4  5  6  7 |
---------------+----------------------+-----
Fighting       | 3 4 5 |  5.4
Axes           | 3 4 5 |  5.9
Armour         | 4 5 |  5.1
Shields        | 4 5 |  5.0

Action                   |  1- 3 |  4- 6 |  7- 9 || total
-------------------------+-------+-------+-------++-------
Melee: War axe           |    43 |   146 |    88 ||   277
 Abil: Heal Wounds       |     1 |     2 |     8 ||    11
  Use: Potion            |       |       |     1 ||     1
Armor: Scale mail        |    12 |     5 |       ||    17
       Plate armour      |       |    73 |    65 ||   138
Dodge: Dodged            |    20 |    26 |    11 ||    57
Block: Kite shield       |    19 |    83 |    42 ||   144

Table legend: (Time is in decaauts)
 A = Elapsed time spent in this place.
 B = Non-inter-level travel time spent in this place.
 C = Inter-level travel time spent in this place.
 D = Time resting spent in this place.
 E = Time spent auto-exploring this place.
 F = Levels seen in this place.
 G = Mean time per level.
                   A        B        C        D        E       F      G
               +--------+--------+--------+--------+--------+-----+--------+
         Total |   1984 |   1919 |     65 |      0 |   1343 |   5 |  396.8 |
       Dungeon |   1984 |   1919 |     65 |      0 |   1343 |   5 |  396.8 |
               +--------+--------+--------+--------+--------+-----+--------+

Top non-repeatable levels by time:
     D:4: 951 daAuts
     D:5: 683 daAuts
     D:2: 186 daAuts
     D:1: 108 daAuts
     D:3: 55 daAuts
